 Dungeon Sprint DCSS version 0.18-a0-1361-g9293dd1 (webtiles) character file.

116 Kidiri the Sneak (level 4, -1/23 HPs)
             Began as a Spriggan Enchanter on Feb 20, 2016.
             Was an Initiate of Dithmenos.
             Splashed by an oklob sapling wizard's acid (12 damage)
             ... in the Dungeon (Sprint IV: "Fedhas' Mad Dash").
             The game lasted 00:01:36 (239 turns).

Kidiri the Sneak (Spriggan Enchanter)                Turns: 239, Time: 00:01:36

Health: -1/23      AC:  0    Str:  4    XL:     4   Next: 69%
Magic:  10/12      EV: 21    Int: 17    God:    Dithmenos [......]
Gold:   45         SH:  0    Dex: 16    Spells: 4 memorised, 4 levels left

rFire  . . .     SeeInvis +     a - +1 dagger
rCold  . . .     Gourm    .     b - +1 robe
rNeg   . . .     Faith    .     (shield restricted)
rPois  .         Spirit   .     (helmet restricted)
rElec  .         Dismiss  .     k - +0 cloak {+Inv}
rCorr  .         Reflect  .     (gloves unavailable)
SustAt .         Harm     .     (boots unavailable)
MR     .....     NoTele   +     (no amulet)
Stlth  ++++......               (no ring)
                                (no ring)

@: corroded equipment, very slightly contaminated, invisible, very quick, not
resistant to hostile enchantments, stealthy
A: unfitting armour, see invisible, herbivore 3, speed 3, slow metabolism 2
a: Renounce Religion, Turn Visible


You were in the Dungeon.
You worshipped Dithmenos.
Dithmenos was noncommittal.
You were not hungry.

You visited 1 branch You collected 45 gold pieces.

Inventory:

Hand Weapons
 a - a +1 dagger (weapon)
Armour
 b - a +1 robe (worn)
 k - a +0 cloak of invisibility (worn)
Scrolls
 j - a scroll of blinking
 l - a scroll of fear {unknown}
Potions
 e - a potion of curing
 f - a potion of heal wounds
 g - a potion of haste
 h - 2 potions of magic
 i - a potion of berserk rage
Books
 c - a book of Maledictions

   Spells                             Type                      Level
   a - Corona                         Hexes                        1
   b - Ensorcelled Hibernation        Hexes/Ice                    2
   c - Confuse                        Hexes                        3
   d - Tukima's Dance                 Hexes                        3
   e - Dazzling Spray                 Conjuration/Hexes            3
Comestibles
 d - a bread ration


   Skills:
 + Level 2.1 Fighting
 * Level 4.1 Short Blades
 + Level 1.5 Armour
 * Level 5.9 Dodging
 * Level 7.3 Stealth
 * Level 5.1 Spellcasting
 + Level 1.0 Conjurations
 + Level 4.7 Hexes
 + Level 1.5 Ice Magic
 + Level 0.0 Invocations
 + Level 1.3 Evocations


You had 4 spell levels left.
You knew the following spells:

 Your Spells              Type           Power        Failure   Level  Hunger
a - Corona                Hex            ###....      1%          1    None
b - Ensorcelled Hibernat  Hex/Ice        ###...       10%         2    #......
c - Confuse               Hex            ###.....     8%          3    ###....
e - Dazzling Spray        Conj/Hex       ##......     14%         3    ###....


Dungeon Overview and Level Annotations

Branches:
Dungeon (1/1)

Altars:
Cheibriados
Dithmenos
Elyvilon
Gozag
Kikubaaqudgha
Makhleb
Nemelex Xobeh
Okawaru
Pakellas
Qazlal
Ru
Sif Muna
Trog
Vehumet
Xom
Yredelemnul
Zin
The Shining One
Beogh
Jiyva
Lugonu

Annotations:
D exclusion: oklob sapling


Innate Abilities, Weirdness & Mutations

You are tiny and cannot use many weapons and most armour.
You have supernaturally acute eyesight.
You are an herbivore.
You cover ground extremely quickly.
You need consume almost no food.


Message History

You start waiting.
Your magical contamination has completely faded away.
You fail to use your ability.
You fail to use your ability.
You fade into invisibility!
You are very lightly contaminated with residual magic.
You feel quite a bit more hungry.
You open the door.
Marking area around the oklob sapling wizard as unsafe for travelling.
An oklob sapling wizard comes into view.
Found a war axe.
Found a scroll labeled OXKYAC FIPOFI.
There is an open door here.
You hit the oklob sapling wizard but do no damage.
The oklob sapling wizard spits acid at you.
The splash of acid hits you!
Ouch! That really hurt!
The acid corrodes you!
The acid burns!
Ouch! That really hurt!
You die...

###################
.#.⌠...._....⌠.#.)+
.'._._._._._._.'@P#
.#_._._._._._._#..#
##._._._._._._.#.?#
#.⌠...._....⌠.####
###############


You could see an oklob sapling wizard.

Vanquished Creatures
  2 oklob saplings (D)
  A worker ant (D)
  A river rat (D)
  A rat (D)
5 creatures vanquished.

Notes
Turn   | Place    | Note
--------------------------------------------------------------
     0 | D        | Kidiri the Spriggan Enchanter began the quest for the Orb.
     0 | D        | Reached XP level 1. HP: 9/9 MP: 5/5
     8 | D        | Reached skill level 5 in Stealth
     8 | D        | Reached XP level 2. HP: 14/14 MP: 7/7
    17 | D        | Learned a level 2 spell: Ensorcelled Hibernation
    44 | D        | Noticed an oklob sapling
    45 | D        | Killed an oklob sapling
    45 | D        | Reached skill level 1 in Fighting
    45 | D        | Reached skill level 6 in Stealth
    45 | D        | Reached XP level 3. HP: 18/18 MP: 7/9
    50 | D        | Learned a level 3 spell: Confuse
    54 | D        | Learned a level 3 spell: Dazzling Spray
    70 | D        | Reached skill level 1 in Armour
    70 | D        | Reached skill level 5 in Dodging
    70 | D        | Reached skill level 1 in Ice Magic
   113 | D        | Found a snail-covered altar of Cheibriados.
   113 | D        | Found a glowing silver altar of Zin.
   113 | D        | Found a white marble altar of Elyvilon.
   113 | D        | Found a viscous altar of Jiyva.
   113 | D        | Found a radiant altar of Vehumet.
   113 | D        | Found a deep blue altar of Sif Muna.
   113 | D        | Found an ancient bone altar of Kikubaaqudgha.
   113 | D        | Found a bloodstained altar of Trog.
   113 | D        | Found a corrupted altar of Lugonu.
   113 | D        | Noticed an oklob sapling priest
   114 | D        | Found a burning altar of Makhleb.
   114 | D        | Found an oddly glowing altar of Pakellas.
   114 | D        | Found a sacrificial altar of Ru.
   115 | D        | Found a glowing golden altar of the Shining One.
   115 | D        | Found a sparkling altar of Nemelex Xobeh.
   116 | D        | Found a shadowy altar of Dithmenos.
   117 | D        | Found an iron altar of Okawaru.
   117 | D        | Found a shimmering altar of Xom.
   118 | D        | Found an opulent altar of Gozag.
   119 | D        | Found a basalt altar of Yredelemnul.
   119 | D        | Found a roughly hewn altar of Beogh.
   120 | D        | Killed an oklob sapling priest
   120 | D        | Reached skill level 7 in Stealth
   120 | D        | Reached skill level 5 in Spellcasting
   120 | D        | Reached skill level 1 in Conjurations
   120 | D        | Reached skill level 1 in Evocations
   120 | D        | Reached XP level 4. HP: 23/23 MP: 8/12
   121 | D        | Found a stormy altar of Qazlal.
   125 | D        | Became a worshipper of Dithmenos the Shadowed
   239 | D        | Splashed by an oklob sapling wizard's acid

Vault maps used:
D:        dungeon_sprint_fedhas

Action                   |  1- 3 |  4- 6 || total
-------------------------+-------+-------++-------
Melee: Dagger            |     6 |     1 ||     7
 Cast: Ensorcelled Hiber |     3 |       ||     3
 Abil: Evoke Invisibilit |     1 |     1 ||     2
 Stab: Sleeping          |     5 |       ||     5
